 Dungeon Crawl Stone Soup version 0.30-a0-632-g346586fe48 (webtiles) character file.

Game seed: 10286175797312611424

726 NinjaNoafa the Magician (level 8, -2/84 HPs)
             Began as a Djinni Conjurer on Jan 13, 2023.
             Slain by a centaur (5 damage)
             ... on level 6 of the Dungeon.
             The game lasted 00:10:02 (5361 turns).

NinjaNoafa the Magician (Djinni Conjurer)           Turns: 5361, Time: 00:10:03

Health: -2/84      AC: 24    Str:  6    XL:     8   Next: 2%
Gold:   241        EV:  2    Int: 22    God:
                   SH:  5    Dex: 12

rFire   x . .      SeeInvis .    (no weapon)
rCold   + . .      Faith    .    g - +0 buckler
rNeg    . . .      Spirit   .    (body armour currently unavailable)
rPois   ∞          Reflect  .    (helmet currently unavailable)
rElec   .          Harm     .    (cloak currently unavailable)
rCorr   .          Rampage  .    (gloves currently unavailable)
Will    +....      NoTele   +    (boots unavailable)
Stlth   ++                       (no amulet)
HPRegen 0.34/turn                p - ring of ice
MPRegen 0.00/turn                t - ring of willpower

@: tree-form
A: stationary, stasis, torment immunity, boosted hp, sickness immunity, (fire
resistance 2), (cold vulnerability 1), float, innate caster, HP casting, extra
vitality 1
a: no special abilities


You were on level 6 of the Dungeon.
You were a tree.
You visited 1 branch of the dungeon, and saw 6 of its levels.

You collected 301 gold pieces.
You spent 60 gold pieces at shops.

Inventory:

Hand Weapons
 B - the +10 hammer "Zahoyssa" {drain, rElec rN+}
   (You found it on level 2 of the Dungeon)

   rElec:     It insulates you from electricity.
   rN:        It protects you from negative energy.
Armour
 a - a +0 robe (melded)
 f - a +0 pair of gloves (melded)
 g - a +0 buckler (worn)
 i - a +0 helmet (melded)
 A - a +0 cloak of preservation (melded)
Jewellery
 p - a ring of ice (left branch)
 t - a ring of willpower (right branch)
 D - a ring of ice
Scrolls
 c - a scroll of amnesia {unknown}
 d - 3 scrolls of identify {unknown}
 k - 3 scrolls of immolation
 m - 2 scrolls of vulnerability {unknown}
 n - 2 scrolls of teleportation {unknown}
 q - a scroll of brand weapon {unknown}
 s - a scroll of poison {unknown}
 w - a scroll of fog {unknown}
 x - a scroll of torment {unknown}
 y - a scroll of fear {unknown}
 E - a scroll of noise {unknown}
Potions
 b - a potion of magic
 e - a potion of invisibility {unknown}
 h - a potion of lignification
 l - a potion of mutation {unknown}
 o - a potion of curing
 r - a potion of cancellation {unknown}
 u - a potion of degeneration {unknown}
 v - a potion of flight {unknown}
 z - a potion of attraction {unknown}
 C - a potion of ambrosia {unknown}


   Skills:
 - Level 3.0 Fighting
 - Level 2.1 Dodging
 - Level 1.5 Stealth
 - Level 4.0 Shields
 + Level 5.8 Spellcasting


You couldn't memorise any spells.
You knew the following spells:

 Your Spells              Type           Power      Damage    Failure   Level
a - Magic Dart            Conj           100%       1d8       1%          1
b - Searing Ray           Conj           64%        2d6       1%          2
c - Dazzling Flash        Conj/Hex       64%        N/A       3%          3
d - Fulminant Prism       Conj/Hex       16%        3d10      11%         4
e - Iskenderun's Mystic   Conj/Tloc      32%        2d8       11%         4
f - Sandblast             Erth           64%        2d14      1%          1
g - Call Imp              Summ           32%        N/A       1%          2
h - Portal Projectile     Hex/Tloc       64%        N/A       3%          3
Your spell library was empty.

Dungeon Overview and Level Annotations

Branches:
Dungeon (6/15)
 Temple: D:4-7

Altars:

Shops:
D:5 *


Innate Abilities, Weirdness & Mutations

You are a tree.
Your roots penetrate the ground, keeping you stationary.
You cannot be teleported.
You are immune to unholy pain and torment.
Your maximum health is greatly increased.
Your equipment is partially melded.
You are immune to sickness and miasma.
You are immune to poison.
((Your flesh is very heat resistant. (rF++)))
((You are vulnerable to cold. (rC-)))
You float through the air rather than walking.
You learn spells naturally, not from books.
Your magical power is your life essence.
You have superior vitality. (+4 MHP)


Message History

You are a tree.
Your movement speed is average.
Your attack delay is about 1.4.
Your damage rating with the +10 hammer "Zahoyssa" {drain, rElec rN+} is about 17 (Base 8 x 90% (Str) x 105% (Skill) + 10 (Ench)).
You closely miss the centaur.
The centaur hits you but does no damage.
The centaur kicks you but does no damage.
The centaur hits you but does no damage.
You block the centaur's attack.
You are now empty-handed.
You hit the centaur.
The centaur is lightly wounded.
You block the centaur's attack. x3
The centaur kicks you but does no damage.
You hit the centaur.
The centaur is moderately wounded.
You block the centaur's attack.
The centaur kicks you but does no damage.
You are a tree.
Your movement speed is average.
Your attack delay is about 1.0.
Your damage rating with unarmed combat is about 11 (Base [12 + 0 (UC)] x 90% (Str) x 105% (Fight)).
You hit the centaur but do no damage.
The centaur is moderately wounded.
The centaur hits you but does no damage.
The centaur kicks you but does no damage.
The centaur hits you but does no damage.
The centaur kicks you but does no damage.
You hit the centaur.
The centaur is heavily wounded.
The centaur hits you.
* * * LOW HITPOINT WARNING * * *
The centaur kicks you but does no damage.
You hit the centaur.
The centaur is severely wounded.
The centaur hits you.
* * * LOW HITPOINT WARNING * * *
The centaur kicks you but does no damage.
The centaur barely misses you. The centaur kicks you.
* * * LOW HITPOINT WARNING * * *
You hit the centaur.
The centaur is severely wounded.
The centaur hits you.
You die...

...# ...: #..#
###... #...#
#:..#
....##...#
#####....#
#.......<####
#..###........#
# #..######.#
... ###♣##
.....##.c.#
........###
....).$........
...............
...............
......(........
.....##########
....#


You could see a centaur.

Vanquished Creatures
  A black bear (D:6)
  Pargi (D:3)
  3 scorpions (D:5)
  Crazy Yiuf (D:2)
  3 hounds (D:4)
  A gnoll bouda (D:4)
  3 gnolls (D:4)
  4 adders
  A shadow imp (D:6)
  A white imp (D:5)
  4 worms (D:2)
  2 dart slugs
  8 orcs
  5 ball pythons
  8 endoplasms
  3 giant cockroaches
  6 goblins
  15 hobgoblins
  3 jackals (D:1)
  A quokka (D:4)
  5 bats
  A frilled lizard (D:1)
  9 kobolds
  A rat (D:1)
90 creatures vanquished.

Vanquished Creatures (collateral kills)
  An iguana (D:5)
  A dart slug (D:3)
  An orc (D:3)
  A goblin (D:4)
  A kobold (D:3)
  A ball python (D:3)
  A bat (D:3)
7 creatures vanquished.

Vanquished Creatures (others)
  A fulminant prism (D:2)
  6 fungi
  A toadstool (D:6)
8 creatures vanquished.

Grand Total: 105 creatures vanquished

Notes
Turn   | Place    | Note
-------+----------+-------------------------------------------
     0 | D:1      | NinjaNoafa the Djinni Conjurer began the quest for the Orb.
     0 | D:1      | NinjaNoafa set off with the following spells memorised:
                  | Magic Dart, Searing Ray, Dazzling Flash, Fulminant Prism,
                  | Iskenderun's Mystic Blast.
     0 | D:1      | Reached XP level 1. HP: 15/15 MP: 0/0
   135 | D:1      | Reached XP level 2. HP: 21/22 MP: 0/0
   290 | D:1      | Reached skill level 1 in Shields
   316 | D:1      | Reached XP level 3. HP: 23/26 MP: 0/0
   316 | D:1      | Learned a level 1 spell: Sandblast
   403 | D:1      | Found a faded altar of an unknown god.
   828 | D:2      | Reached XP level 4. HP: 24/31 MP: 0/0
  1431 | D:2      | Found a runed translucent door.
  1432 | D:2      | Noticed Crazy Yiuf
  1515 | D:2      | Reached skill level 4 in Spellcasting
  1726 | D:3      | Noticed Pargi
  1734 | D:3      | Killed Pargi
  1735 | D:3      | Reached XP level 5. HP: 29/38 MP: 0/0
  1735 | D:3      | Learned a level 2 spell: Call Imp
  2426 | D:4      | Reached XP level 6. HP: 21/45 MP: 0/0
  3723 | D:2      | Killed Crazy Yiuf
  3724 | D:2      | Reached XP level 7. HP: 43/50 MP: 0/0
  3724 | D:2      | Learned a level 3 spell: Portal Projectile
  3744 | D:2      | Identified the +10 hammer "Zahoyssa" {drain, rElec rN+}
  3789 | D:5      | Entered Level 5 of the Dungeon
  4628 | D:5      | Reached skill level 5 in Spellcasting
  4967 | D:5      | Found Niovemp's Fire Supplies.
  5002 | D:5      | Bought a scroll of immolation for 60 gold pieces
  5347 | D:6      | HP: 1/50 [black bear (2)]
  5351 | D:6      | Reached XP level 8. HP: 3/56 MP: 0/0
  5360 | D:6      | HP: 3/84 [centaur (2)]
  5361 | D:6      | Slain by a centaur

Illustrated notes

Levels and vault maps discovered:
D:1:      lightli_arrival_statue_moat, layout_rooms,
          chequers_ecumenical_altar_simple, nrook_campfire
D:2:      layout_basic, minmay_door_square, guppyfry_early_orc_mine,
          uniq_crazy_yiuf_cottage
D:3:      layout_loops_ring, uniq_pargi
D:4:      layout_basic, minmay_misc_feat_five, grunt_ministairs_14
D:5:      layout_cave_pods, nicolae_shop_fire_sale [nicolae_sub_dead_trees]
D:6:      layout_rooms, minmay_temple_entry_purple_smoke,
          minmay_gold_behind_fungi, hangedman_decor_diamond_cutter,
          chequers_serial_rivers_small_3

Skill      XL: |  1  2  3  4  5  6  7 |
---------------+----------------------+-----
Shields        | 1 3 4 |  4.0
Spellcasting   | 4 5 |  5.8
Fighting       | 2 3 |  3.0
Dodging        | |  2.1
Stealth        | |  1.5

Action                   |  1- 3 |  4- 6 |  7- 9 || total
-------------------------+-------+-------+-------++-------
Melee: Short sword       |       |    13 |       ||    13
       Mace              |       |       |     9 ||     9
       Unarmed           |       |       |     6 ||     6
Throw: Stone             |       |       |     8 ||     8
       Dart              |       |       |     6 ||     6
 Cast: Magic Dart        |    68 |    89 |     7 ||   164
       Searing Ray       |     4 |     4 |     6 ||    14
       Sandblast         |       |    12 |     2 ||    14
       Call Imp          |       |    12 |     2 ||    14
       Iskenderun's Myst |       |     1 |       ||     1
       Fulminant Prism   |       |     1 |       ||     1
       Portal Projectile |       |       |     3 ||     3
  Use: Potion            |       |       |     4 ||     4
Armor: Robe              |     4 |    13 |    10 ||    27
       Skin              |       |       |    15 ||    15
Dodge: Dodged            |     2 |    34 |    24 ||    60
Block: Buckler           |       |     8 |    10 ||    18

Table legend: (Time is in decaauts)
 A = Elapsed time spent in this place.
 B = Non-inter-level travel time spent in this place.
 C = Inter-level travel time spent in this place.
 D = Time resting spent in this place.
 E = Time spent auto-exploring this place.
 F = Levels seen in this place.
 G = Mean time per level.
                   A        B        C        D        E       F      G
               +--------+--------+--------+--------+--------+-----+--------+
         Total |   5376 |   4961 |    415 |      0 |   4289 |   6 |  896.0 |
       Dungeon |   5376 |   4961 |    415 |      0 |   4289 |   6 |  896.0 |
               +--------+--------+--------+--------+--------+-----+--------+

Top non-repeatable levels by time:
     D:2: 1328 daAuts
     D:5: 1105 daAuts
     D:4: 1087 daAuts
     D:3: 1038 daAuts
     D:1: 748 daAuts
     D:6: 68 daAuts
